Map: Frost LE

Players

LiquidVortiX (Vortix)

  • Race: Zerg Zerg
  • League: Master

MajeStic - Winner!

  • Race: Protoss Protoss
  • League: Master

Event: DreamHack ZOWIE Open Valencia 2016

VOD

Have the link to the VOD?

Description

Time

  • Played on: July 14, 2016, 12:55 p.m.
  • Length: 8:59

All games in this series

Show
View Real Time Build Order
Export as new Build Order

LiquidVortiX Zerg 

Build Orders: 3 Hatch before Pool 

Get SALT Encoding   

  12  0:00  Drone  
  13  0:12  Overlord  
  13  0:17  Drone  
  14  0:30  Drone x2  
  14  0:34  Drone  
  17  0:52  Hatchery  
  17  0:55  Drone  
  17  0:57  Drone  
  18  1:18  Hatchery  
  18  1:21  Drone  
  18  1:24  Extractor  
  17  1:35  Spawning Pool  
  17  1:39  Drone  
  17  1:46  Drone  
  18  1:47  Drone  
  18  1:51  Drone  
  20  2:00  Drone  
  21  2:06  Drone  
  22  2:11  Drone  
  23  2:22  Queen  
  23  2:23  Queen  
  23  2:29  Metabolic Boost  
  27  2:34  Queen  
  29  2:37  Zergling x2  
  29  2:40  Zergling x2  
  31  2:44  Zergling x2  
  31  2:47  Overlord  
  31  2:50  Drone  
  33  2:52  Drone  
  33  3:13  Zergling x4  
  33  3:17  Drone x6, Overlord  
  41  3:26  Drone  
  41  3:27  Overlord  
  41  3:31  Zergling x2  
  42  3:35  Queen  
  43  3:43  Zergling x4  
  44  3:50  Overlord  
  44  3:51  Drone x4  
  44  3:53  Spore Crawler  
  47  3:55  Spore Crawler  
  47  3:57  Spore Crawler  
  45  4:02  Zergling x2  
  45  4:03  Zergling x2  
  45  4:06  Drone x2  
  46  4:13  Queen  
  46  4:16  Drone, Overlord  
  46  4:17  Drone  
  50  4:19  Drone  
  51  4:24  Extractor  
  51  4:27  Roach Warren  
  51  4:28  Drone x2  
  51  4:32  Drone x2  
  51  4:36  Drone x2  
  51  4:37  Drone  
  56  4:43  Drone x3  
  59  4:46  Drone x3  
  59  4:50  Drone x2  
  64  4:57  Overlord  
  64  5:02  Extractor  
  64  5:05  Drone x3  
  64  5:06  Extractor  
  64  5:07  Overlord x2  
  65  5:08  Queen  
  65  5:12  Queen  
  69  5:15  Queen  
  71  5:22  Roach  
  71  5:23  Roach x3  
  71  5:27  Overlord  
  79  5:30  Roach x2  
  79  5:33  Roach  
  79  5:34  Roach  
  87  5:40  Roach x2  
  84  5:53  Roach x4  
  88  6:06  Roach x3  
  87  6:27  Drone x2  
  87  6:28  Drone x7  
  96  6:37  Ravager x5  
  96  6:39  Zergling x6  
  103  6:48  Zergling x2  
  102  6:56  Roach x2  
  102  6:57  Overlord x3  
  102  6:58  Overlord x2  
  106  7:04  Overlord  
  106  7:07  Roach  
  108  7:15  Zergling x10  
  108  7:18  Ravager  
  108  7:19  Ravager x2  
  108  7:20  Ravager  
  108  7:21  Ravager x2  
  117  7:23  Zergling x2  
  117  7:24  Zergling x8  
  117  7:27  Zergling x6  
  124  7:33  Queen  
  117  7:47  Queen  
  117  7:48  Ravager  
  117  7:49  Ravager x4  
  123  7:51  Zergling x2  
  123  7:52  Zergling x8  
  123  7:54  Zergling x4  
  121  8:02  Zergling x2, Ravager  
  121  8:03  Zergling x2  
  121  8:04  Ravager, Queen  
  127  8:12  Zergling x6  
  118  8:24  Roach x2  
  118  8:25  Roach  
  120  8:32  Zergling x6  
Show
View Real Time Build Order
Export as new Build Order

MajeStic Protoss - Winner!

Build Orders: 1 Gate Expand, Oracle Opening 

Get SALT Encoding   

  12  0:00  Probe (Chrono Boost)  
  13  0:11  Probe (Chrono Boost)  
  14  0:18  Pylon  
  14  0:22  Probe (Chrono Boost)  
  15  0:36  Probe (Chrono Boost)  
  15  0:38  Gateway  
  15  0:42  Assimilator  
  16  0:47  Probe (Chrono Boost)  
  17  0:58  Probe (Chrono Boost)  
  18  1:08  Probe (Chrono Boost)  
  19  1:19  Probe (Chrono Boost)  
  19  1:23  Nexus  
  20  1:33  Cybernetics Core  
  20  1:36  Probe (Chrono Boost)  
  21  1:41  Assimilator  
  21  1:47  Probe (Chrono Boost)  
  22  1:54  Pylon  
  22  1:58  Probe (Chrono Boost)  
  22  2:01  Warp Gate  
  23  2:09  Adept  
  23  2:14  Probe (Chrono Boost)  
  26  2:23  Stargate  
  26  2:26  Probe (Chrono Boost)  
  27  2:32  Adept  
  27  2:37  Probe (Chrono Boost)  
  31  2:38  Probe (Chrono Boost)  
  31  2:49  Probe (Chrono Boost)  
  31  2:50  Probe (Chrono Boost)  
  33  2:57  Adept  
  33  3:01  Probe (Chrono Boost)  
  33  3:02  Probe (Chrono Boost)  
  37  3:09  Oracle  
  37  3:17  Probe (Chrono Boost)  
  37  3:18  Probe (Chrono Boost), Gateway  
  42  3:22  Gateway  
  42  3:32  Adept, Probe (Chrono Boost)  
  42  3:33  Probe (Chrono Boost)  
  46  3:37  Pylon  
  46  3:47  Probe (Chrono Boost)  
  46  3:49  Probe (Chrono Boost)  
  46  3:50  Pylon  
  46  3:55  Pylon  
  46  4:02  Probe (Chrono Boost)  
  47  4:03  Mothership Core (Chrono Boost)  
  47  4:07  Pylon  
  45  4:10  Gateway  
  45  4:11  Gateway  
  45  4:14  Probe (Chrono Boost)  
  45  4:16  Gateway  
  46  4:20  Gateway  
  46  4:23  Sentry, Probe (Chrono Boost)  
  49  4:28  Probe (Chrono Boost), Assimilator  
  50  4:35  Probe (Chrono Boost), Twilight Council  
  51  4:40  Adept x2  
  55  4:47  Adept  
  57  4:58  Probe x2 (Chrono Boost)  
  57  4:59  Assimilator  
  59  5:03  Adept x2  
  63  5:10  Pylon, Probe (Chrono Boost)  
  63  5:11  Pylon  
  64  5:14  Adept x2  
  64  5:15  Adept  
  70  5:23  Pylon  
  70  5:32  Adept x2  
  70  5:33  Adept x2  
  78  5:42  Adept x2  
  80  5:43  Adept  
  80  5:45  Blink  
  82  6:06  Forge, Probe (Chrono Boost)  
  73  6:12  Sentry x3  
  73  6:17  Nexus  
  70  6:29  Sentry x2  
  70  6:30  Sentry  
  72  6:43  Probe x2 (Chrono Boost)  
  74  6:51  Protoss Ground Weapons Level 1  
  76  6:54  Pylon  
  76  6:55  Pylon, Robotics Facility, Probe x2 (Chrono Boost)  
  76  6:56  Stalker x2  
  76  6:57  Stalker  
  82  7:02  Pylon  
  82  7:03  Stalker x2  
  86  7:15  Pylon, Probe (Chrono Boost)  
  87  7:18  Pylon  
  87  7:20  Probe (Chrono Boost)  
  88  7:27  Probe (Chrono Boost)  
  89  7:31  Stalker x3  
  89  7:35  Probe (Chrono Boost)  
  96  7:44  Stalker x2  
  96  7:49  Stalker  
  102  7:59  Stalker x2  
  102  8:00  Immortal  
  110  8:11  Stalker x3  
  116  8:19  Probe (Chrono Boost)  
  106  8:23  Stalker x3  
  108  8:40  Stalker x3  
  110  8:48  Stalker x2  
  101  8:54  Stalker  

Tags
 
Add a new tag
Caveats
  • Supply blocks, unpowered buildings, or Contaminate may cause inaccurate times.
  • Supply counts are checked every 10 seconds.